 Dungeon Crawl Stone Soup version 0.31-a0-218-g813d01f837 (webtiles) character file.

Game seed: 8376230492936626250

27 qw the Shooter (level 2, -2/24 HPs)
             Began as a Minotaur Hexslinger on July 3, 2023.
             Succumbed to Sigmund's poison
             ... on level 2 of the Dungeon.
             The game lasted 00:00:21 (963 turns).

qw the Shooter (Minotaur Hexslinger)                 Turns: 963, Time: 00:00:21

Health: -2/24      AC:  3    Str: 12    XL:     2   Next: 93%
Magic:  2/2        EV: 12    Int: 10    God:
Gold:   71         SH:  0    Dex: 12    Spells: 2/3 levels left

rFire   . . .        Y - +1 sling
rCold   . . .        (no shield)
rNeg    . . .        c - +0 robe
rPois   .            (helmet restricted)
rElec   .            (no cloak)
rCorr   .            i - +0 pair of gloves
SInv    .            (no boots)
Will    .....        j - amulet of regeneration
Stlth   +            (no ring)
HPRegen 1.04/turn    (no ring)
MPRegen 0.08/turn

%: no passive effects
@: lethally poisoned (-2 -> -24)
A: horns 2, retaliatory headbutt
a: no special abilities


You were on level 2 of the Dungeon.
You visited 1 branch of the dungeon, and saw 2 of its levels.

You collected 71 gold pieces.


Innate Abilities, Weirdness & Mutations

You have a pair of horns on your head.
You reflexively headbutt those who attack you in melee.


   Skills:
 - Level 2.0 Fighting
 + Level 3.5 Ranged Weapons
 - Level 2.1 Dodging
 - Level 1.0 Spellcasting
 - Level 2.0 Hexes


You had 2 spell levels left.
You knew the following spells:

 Your Spells              Type           Power      Damage    Failure   Level
a - Slow                  Hex            16%        N/A       16%         1

Your spell library contained the following spells:

 Spells                   Type           Power      Damage    Failure   Level
 Inner Flame              Hex/Fire       2%         N/A       56%         3
 Portal Projectile        Hex/Tloc       4%         N/A       56%         3
 Cause Fear               Hex            2%         N/A       83%         4

Inventory:

Hand Weapons
 Y - a +1 sling (weapon)
Armour
 a - a +0 ring mail
 c - a +0 robe (worn)
 e - a +0 cloak
 i - a +0 pair of gloves (worn)
Jewellery
 j - an amulet of regeneration (around neck)
 k - a ring of ice
Potions
 b - a potion of ambrosia {unknown}
 d - a potion of heal wounds {unknown}
 f - a potion of invisibility {unknown}
 h - a potion of haste
 l - a potion of resistance {unknown}

Dungeon Overview and Level Annotations

Branches:
Dungeon (2/15)

Altars:

Shops:
D:1 =

Annotations:
D:2 Sigmund


Message History

Enter note:
Enter note:
Enter note: You shoot a sling bullet.
The sling bullet hits the hobgoblin but does no damage.
You shoot a sling bullet. The sling bullet hits the hobgoblin!
You kill the hobgoblin!
You see here a hobgoblin corpse.
You see here a hobgoblin corpse.
Sigmund the Dreaded comes into view.
He is wielding a +0 scythe of venom.
Found 5 stones.
Enter note:
Enter note:
Enter note:
Enter note: You shoot a sling bullet.
The sling bullet hits Sigmund but does no damage.
Sigmund gestures wildly while chanting.
Sigmund flickers and vanishes!
Deactivating autopickup; reactivate with Ctrl-A.
You shoot a sling bullet. You shoot a sling bullet. You shoot a sling bullet.
Something tries to affect you, but you resist.
A worm comes into view.
You shoot a sling bullet. The sling bullet hits the worm.
The worm is moderately wounded.
You shoot a sling bullet. The sling bullet hits the worm.
The worm is heavily wounded.
You are confused.
Something hits you but does no damage.
You are poisoned.
You feel sick.
You feel sick. Something hits you.
You are more poisoned.
You feel very sick. Something hits you!
You are more poisoned.
You feel less confused.
You die...

.......##
.......)....#....#.#
#.#.#.###
####.#.#.##...#....#
#.#......
#.....###.##.####
#.....### ###.#.# #.##.#
#..#### #....(# #.##.#
#..# ####.....# #.##.#
#..# #........# #.##.#
#..#
######.##)....###.##.#
#..#
#.........@..........
#..####.#.##.###.........
#............# #{w...#..
#..####.#.#### #......#.
#..###....# #.######
#..%......# #..
##.###....# #..
#........# #.( ##########


You could see a worm.

Vanquished Creatures
  6 ball pythons
  3 endoplasms
  4 hobgoblins
  A kobold (D:1)
  4 quokkas (D:1)
  A bat (D:1)
  4 frilled lizards
  A rat (D:1)
24 creatures vanquished.

Notes
Turn   | Place    | Note
-------+----------+-------------------------------------------
     0 | D:1      | qw the Minotaur Hexslinger began the quest for the Orb.
     0 | D:1      | Reached XP level 1. HP: 16/16 MP: 1/1
     0 | D:1      | 0 ||| qw: Version: 0.3-a-40-ge99b1a8
     0 | D:1      | 0 ||| qw: Game counter: 311
     0 | D:1      | 0 ||| qw: Melee chars always use a shield: true
     0 | D:1      | 0 ||| qw: God list: Okawaru
     0 | D:1      | 0 ||| qw: Allow faded altars: false
     0 | D:1      | 0 ||| qw: Do Orc after clearing Dungeon:15 true
     0 | D:1      | 0 ||| qw: Do second Lair branch before Depths: true
     0 | D:1      | 0 ||| qw: Lair rune preference: random
     0 | D:1      | 0 ||| qw: Goals: Normal
     0 | D:1      | 0 ||| PLANNING D:1-11
   253 | D:1      | Reached skill level 3 in Ranged Weapons
   269 | D:1      | Reached XP level 2. HP: 23/23 MP: 2/2
   313 | D:1      | Found Sonemag's Jewellery Shoppe.
   325 | D:1      | 325 ||| SHOPLISTING brooch of Shielding {Spirit SH+8} (910
                  | gold, have 47).
   325 | D:1      | 325 ||| SHOPLISTING ring of ice (350 gold, have 47).
   325 | D:1      | 325 ||| SHOPLISTING ring of poison resistance (280 gold,
                  | have 47).
   325 | D:1      | 325 ||| SHOPLISTING ring of the Tortoise {AC+8} (1792 gold,
                  | have 47).
   641 | D:1      | 641 ||| UPGRADING to +0 pair of gloves.
   646 | D:1      | 646 ||| UPGRADING to amulet of regeneration.
   651 | D:1      | 651 ||| READING 2 scrolls labelled XARYAM ISKUD.
   652 | D:1      | 652 ||| READING scroll labelled XEONI FUOPN.
   653 | D:1      | 653 ||| READING scroll labelled UGINAKKITOU.
   654 | D:1      | 654 ||| DRINKING 2 glowing coppery potions.
   655 | D:1      | 655 ||| DROPPING scroll of blinking.
   656 | D:1      | 656 ||| DROPPING scroll of poison.
   832 | D:2      | Found a faded altar of an unknown god.
   951 | D:2      | Noticed Sigmund
   962 | D:2      | HP: 3/24 [something (8)]
   963 | D:2      | Succumbed to Sigmund's poison

Levels and vault maps discovered:
D:1:      heliophobic_arrival_dark_side_of_the_moon, layout_basic, serial_shops,
          nicolae_shop_gaudy_bauble, minmay_misc_feat_rugged,
          hangedman_decor_growths
D:2:      layout_loops_ring, serial_shops, nicolae_shop_advertising_works
          [nicolae_subvault_shop_adworks], hellmonk_ecumenical_altar_blasted,
          uniq_sigmund

Skill      XL: |  1  2 |
---------------+-------+-----
Ranged Weapons | 3 |  3.5
Fighting       | 2 |  2.0
Dodging        | |  2.1
Spellcasting   | |  1.0
Hexes          | |  2.0

Action                     || total
---------------------------++-------
   Fire: Sling             ||    55
    Use: Scroll            ||     3
         Potion            ||     1
 Armour: Robe              ||     2
  Dodge: Dodged            ||     3

Table legend:
 A = Non-vault XP
 B = Vault XP
 C = Vault XP percentage of total XP
 D = Non-vault monster count
 E = Vault monster count
 F = Vault count percentage of total count
                 A         B        C        D         E       F
            +---------+---------+-------+---------+---------+-------
      Total |      39 |       0 |   0.0 |      24 |       0 |   0.0
            +---------+---------+-------+---------+---------+-------
        D:1 |      29 |       0 |   0.0 |      18 |       0 |   0.0
        D:2 |      10 |       0 |   0.0 |       6 |       0 |   0.0
            +---------+---------+-------+---------+---------+-------
